 Dungeon Crawl Stone Soup version 0.24-a0-809-g71cb82dfb8 (webtiles) character file.

Game seed: 10076096637091503488, levelgen mode: deterministic

34 Arixos the Sneak (level 3, -3/29 HPs)
             Began as a Vampire Monk on Oct 11, 2019.
             Slain by a scorpion (4 damage)
             ... on level 2 of the Dungeon.
             The game lasted 00:06:35 (590 turns).

Arixos the Sneak (Vampire Monk)                      Turns: 590, Time: 00:06:36

Health: -3/29      AC:  2    Str: 11    XL:     3   Next: 14%
Magic:  3/3        EV: 13    Int: 12    God:
Gold:   52         SH:  3    Dex: 16    Spells: 2/2 levels left

rFire    . . .     SeeInvis +   h - +0 war axe (vamp)
rCold    . . .     Gourm    .   k - +0 buckler
rNeg     . . .     Faith    .   b - +0 robe
rPois    .         Spirit   .   (no helmet)
rElec    .         Reflect  .   (no cloak)
rCorr    .         Harm     .   (no gloves)
MR       .....                  (no boots)
Stlth    +++.......             (no amulet)
HPRegen  0.29/turn              (no ring)
MPRegen  0.08/turn              (no ring)

@: lethally poisoned (-3 -> -8), regenerating quickly
A: no food, fangs 3, see invisible, unbreathing
a: Exsanguinate


You were on level 2 of the Dungeon.
You were alive.

You visited 1 branch of the dungeon, and saw 2 of its levels.

You collected 52 gold pieces.

Inventory:

Hand Weapons
 h - a +0 vampiric war axe (weapon)
Armour
 b - a +0 robe (worn)
 k - a +0 buckler (worn)
Scrolls
 f - a scroll of random uselessness {unknown}
 g - a scroll of noise {unknown}
 i - a scroll of identify {unknown}
 j - a scroll of magic mapping {unknown}
Potions
 a - a potion of lignification {unknown}
 c - a potion of brilliance {unknown}
 d - a potion of haste {unknown}
 e - a potion of curing {unknown}


   Skills:
 + Level 3.1 Fighting
   Level 2.6 Polearms
 + Level 3.8 Dodging
 + Level 4.1 Stealth
 * Level 0.0 Shields


You had 2 spell levels left.
You didn't know any spells.
Your spell library was empty.

Dungeon Overview and Level Annotations

Branches:
Dungeon (1/15)

Altars:
Qazlal


Innate Abilities, Weirdness & Mutations

You do not eat.
Your natural rate of healing is unusually fast.
You have razor-sharp teeth.
You have supernaturally acute eyesight. (SInv)
You can survive without breathing.


Message History

The scorpion poisons you!
You hit the scorpion.
You feel better.
The scorpion is moderately wounded.
You feel sick. The scorpion misses you.
You slash the scorpion!
The scorpion is almost dead.
You feel sick. The scorpion barely misses you. The scorpion stings you.
You are too injured to fight recklessly!
You are too injured to fight recklessly!
You are too injured to fight recklessly!
You are too injured to fight recklessly!
You barely miss the scorpion. Your bite misses the scorpion.
The scorpion is almost dead.
You feel sick. The scorpion barely misses you.
You completely miss the scorpion.
The scorpion is almost dead.
You feel sick. The scorpion stings you!
* * * LOW HITPOINT WARNING * * *
The scorpion stings you.
You die...

#......#.###
##########......#+#
................#
.............>..##
.............)...#
........#........#
........#.........#
<.......##...<....#
#########.@.......#
# #.s)...... ##
#......... #.
#......... #.
#......... ##
##)......# #
##.....## ######


You could see a scorpion.

Vanquished Creatures
  An adder (D:2)
  An ooze (D:2)
  A leopard gecko (D:2)
  2 giant cockroaches (D:2)
  2 goblins
  2 hobgoblins
  A ball python (D:2)
  2 bats (D:2)
  3 kobolds
  5 rats
20 creatures vanquished.

Notes
Turn   | Place    | Note
-------+----------+-------------------------------------------
     0 | D:1      | Arixos the Vampire Monk began the quest for the Orb.
     0 | D:1      | Reached XP level 1. HP: 17/17 MP: 1/1
   155 | D:1      | You fall into a shaft and drop 1 floor!
   166 | D:2      | Reached XP level 2. HP: 19/23 MP: 2/2
   199 | D:2      | Found a stormy altar of Qazlal.
   358 | D:2      | Reached skill level 4 in Stealth
   572 | D:2      | Reached XP level 3. HP: 29/29 MP: 3/3
   580 | D:2      | Noticed a scorpion
   590 | D:2      | HP: 1/29 [scorpion (10)]
   590 | D:2      | Slain by a scorpion

Levels and vault maps discovered:
D:1:      minmay_arrival_hallway, layout_loops_ring
D:2:      minmay_skewed_foursquare, layout_rooms,
          nicolae_qazlal_general_emergency

Skill      XL: |  1  2 |
---------------+-------+-----
Fighting       | 3 |  3.1
Stealth        | 4 |  4.1
Polearms       | |  2.6
Dodging        | |  3.8

Action                   || total
-------------------------++-------
Melee: Spear             ||    23
       Bite              ||     3
       War axe           ||    32
 Stab: Sleeping          ||     7
Armor: Robe              ||     7
Dodge: Dodged            ||    33

Table legend:
 A = Non-vault XP
 B = Vault XP
 C = Vault XP percentage of total XP
 D = Non-vault monster count
 E = Vault monster count
 F = Vault count percentage of total count
                 A         B        C        D         E       F
            +---------+---------+-------+---------+---------+-------
      Total |      47 |       2 |   4.1 |      19 |       1 |   5.0
            +---------+---------+-------+---------+---------+-------
        D:1 |       6 |       0 |   0.0 |       4 |       0 |   0.0
        D:2 |      41 |       2 |   4.7 |      15 |       1 |   6.2
            +---------+---------+-------+---------+---------+-------
